Map: Acropolis LE

Players

Neeb

  • Race: Protoss Protoss
  • Spawn Location: 11:00

Rogue - Winner!

  • Race: Zerg Zerg
  • Spawn Location: 5:00

Event: 2019 WCS Global FInals

VOD

https://www.youtube.com/watch?v=KvtCI-Sne0k&t=1000s

Description

Time

  • Played on: Oct. 27, 2019, 12:19 a.m.
  • Length: 15:11

All games in this series

Show
View Real Time Build Order
Export as new Build Order

Neeb Protoss 

Build Orders: 1 Gate Expand, Oracle Opening, Phoenix Opening, Archon Immortal 

Get SALT Encoding   

  12  0:00  Probe  
  13  0:12  Probe  
  14  0:18  Pylon  
  14  0:24  Probe  
  15  0:28  Assimilator  
  15  0:36  Probe (Chrono Boost)  
  16  0:44  Gateway  
  16  0:48  Probe (Chrono Boost)  
  17  0:53  Probe (Chrono Boost)  
  18  1:04  Probe  
  19  1:16  Probe  
  20  1:23  Nexus  
  20  1:32  Cybernetics Core  
  20  1:36  Probe  
  21  1:41  Assimilator  
  21  1:48  Probe  
  21  1:50  Pylon  
  22  2:00  Probe (Chrono Boost)  
  23  2:05  Adept (Chrono Boost)  
  25  2:09  Warp Gate  
  25  2:10  Probe (Chrono Boost)  
  25  2:15  Probe (Chrono Boost)  
  26  2:21  Stargate  
  27  2:28  Probe (Chrono Boost), Adept  
  30  2:35  Probe (Chrono Boost)  
  31  2:44  Probe x2 (Chrono Boost)  
  33  2:49  Probe (Chrono Boost)  
  33  2:50  Probe  
  35  3:01  Probe  
  35  3:03  Probe  
  35  3:05  Phoenix (Chrono Boost)  
  39  3:09  Gateway  
  39  3:11  Gateway  
  39  3:13  Pylon  
  39  3:15  Probe  
  39  3:17  Probe  
  41  3:20  Adept  
  41  3:26  Oracle (Chrono Boost)  
  46  3:31  Probe x2  
  48  3:36  Pylon  
  48  3:41  Assimilator  
  48  3:43  Probe x2  
  48  3:44  Assimilator  
  50  3:52  Oracle (Chrono Boost)  
  53  3:55  Probe x2  
  53  3:57  Pylon  
  55  4:03  Adept  
  55  4:04  Adept  
  55  4:05  Adept  
  55  4:07  Probe  
  62  4:14  Pylon  
  62  4:15  Probe  
  63  4:20  Probe  
  64  4:25  Oracle  
  64  4:27  Probe  
  68  4:31  Adept  
  68  4:33  Adept x2  
  68  4:34  Probe  
  75  4:41  Robotics Facility  
  75  4:43  Pylon  
  75  4:46  Probe  
  76  4:53  Sentry  
  76  4:55  Pylon  
  78  5:06  Probe  
  78  5:07  Probe  
  72  5:18  Probe  
  72  5:19  Probe  
  72  5:21  Forge  
  71  5:22  Twilight Council, Nexus  
  69  5:30  Immortal, Probe  
  69  5:31  Probe  
  75  5:40  Zealot, Sentry x2  
  75  5:42  Probe  
  78  5:43  Probe  
  77  5:54  Pylon, Probe  
  78  5:58  Probe  
  79  6:06  Probe, Zealot x2  
  79  6:07  Immortal (Chrono Boost), Protoss Ground Weapons Level 1  
  79  6:09  Charge  
  79  6:10  Probe  
  89  6:18  Assimilator, Probe  
  89  6:20  Assimilator, Templar Archives  
  89  6:23  Probe  
  91  6:30  Probe  
  92  6:34  Probe  
  92  6:35  Probe  
  92  6:36  Immortal (Chrono Boost)  
  98  6:42  Zealot x2  
  98  6:43  Probe  
  103  6:48  Gateway  
  103  6:50  Gateway  
  101  6:56  Sentry  
  101  6:57  Probe x3  
  106  7:04  High Templar x2  
  106  7:05  Immortal (Chrono Boost)  
  106  7:07  Shield Battery  
  106  7:08  Shield Battery  
  114  7:10  Shield Battery  
  114  7:22  Stalker  
  116  7:25  Photon Cannon  
  116  7:33  Photon Cannon  
  116  7:35  Pylon, Probe  
  115  7:40  Zealot  
  115  7:44  Pylon x2  
  117  7:46  Pylon  
  117  7:47  Pylon, Shield Battery  
  117  7:51  Immortal (Chrono Boost)  
  117  7:56  Blink (Chrono Boost)  
  121  8:00  Pylon  
  121  8:01  Pylon  
  121  8:02  Pylon  
  121  8:03  Templar Archives  
  121  8:04  Pylon  
  121  8:05  Protoss Ground Weapons Level 2 (Chrono Boost)  
  121  8:10  Stalker  
  121  8:11  Stalker x4  
  131  8:30  Immortal (Chrono Boost)  
  135  8:36  Stalker x5  
  139  8:51  Gateway  
  139  8:52  Gateway  
  139  8:54  Gateway  
  139  9:00  High Templar  
  139  9:01  Zealot, High Templar x2  
  139  9:02  Zealot  
  149  9:08  Observer (Chrono Boost)  
  148  9:22  Zealot x2  
  140  9:36  Stalker  
  140  9:37  Stalker x2  
  144  9:40  Immortal  
  144  9:41  Archon x2  
  136  9:54  Stalker x3  
  136  9:55  Stalker x2  
  136  10:04  Stalker x2  
  115  10:17  Stalker x3  
  115  10:18  Stalker x3  
  119  10:27  Stalker x2  
  115  10:32  Observer (Chrono Boost)  
  109  10:44  Stalker x6  
  119  10:54  Probe  
  118  11:02  Stalker x2  
  122  11:10  Robotics Facility  
  122  11:11  Stalker x6  
  126  11:34  Stalker x5  
  126  11:36  Probe x3  
  139  11:46  Stalker  
  133  11:48  Probe x2  
  133  11:49  Probe  
  133  11:54  Stalker x2  
  114  11:59  Stalker x2, Zealot  
  114  12:00  Probe, Zealot x2  
  114  12:01  Probe  
  120  12:04  Probe  
  119  12:12  Probe  
  119  12:13  Warp Prism (Chrono Boost)  
  118  12:15  Stalker  
  122  12:27  Stalker x3  
  128  12:35  Stalker x2  
  132  12:44  Stalker x2  
  132  12:45  Zealot  
  138  13:04  Stalker x5  
  146  13:11  Stalker  
  146  13:12  Stalker  
  150  13:14  Zealot  
  120  13:36  Stalker x6  
  117  13:58  Stalker x2  
  117  14:00  Stalker x4  
  111  14:16  Stalker x2  
  109  14:24  Zealot  
  109  14:25  Zealot x5  
  104  14:39  Stalker x2  
  104  14:44  Stalker  
  104  14:45  Stalker x2  
  102  14:56  Sentry x2  
  102  14:57  Sentry  
Show
View Real Time Build Order
Export as new Build Order

Rogue Zerg - Winner!

Build Orders: Hatch First, Swarm Host 

Get SALT Encoding   

  12  0:00  Drone  
  13  0:12  Overlord  
  13  0:16  Drone  
  14  0:30  Drone x2  
  16  0:47  Hatchery  
  15  0:50  Drone  
  15  0:54  Drone  
  15  0:57  Drone  
  18  1:08  Extractor  
  17  1:12  Spawning Pool  
  17  1:15  Drone  
  17  1:18  Drone  
  18  1:28  Drone  
  19  1:39  Drone  
  20  1:44  Hatchery  
  19  1:49  Drone  
  20  1:58  Queen  
  20  2:00  Drone  
  23  2:03  Drone  
  24  2:11  Drone  
  25  2:16  Queen  
  25  2:21  Overlord  
  27  2:26  Drone  
  27  2:28  Metabolic Boost  
  28  2:39  Zergling x4  
  28  2:41  Drone  
  28  2:43  Drone x2  
  33  2:48  Queen  
  35  2:54  Drone  
  36  3:01  Queen  
  37  3:06  Overlord  
  37  3:07  Drone x2  
  37  3:09  Drone  
  40  3:13  Pneumatized Carapace  
  40  3:15  Drone  
  41  3:21  Spore Crawler  
  41  3:24  Drone x2  
  41  3:26  Overlord  
  42  3:28  Drone  
  42  3:30  Drone x2  
  42  3:33  Drone  
  46  3:35  Drone  
  46  3:36  Drone  
  46  3:37  Drone  
  46  3:41  Overlord  
  49  3:49  Spore Crawler  
  49  3:50  Drone  
  49  3:54  Spore Crawler  
  48  3:58  Queen  
  48  4:00  Drone  
  48  4:01  Drone x4  
  55  4:05  Overlord  
  55  4:06  Drone  
  56  4:10  Zergling x2  
  56  4:14  Overlord  
  57  4:19  Spore Crawler  
  57  4:22  Drone x2  
  57  4:24  Zergling x6  
  59  4:26  Drone  
  59  4:27  Drone x3  
  59  4:29  Drone  
  66  4:32  Roach Warren  
  66  4:33  Extractor  
  66  4:34  Drone x3  
  66  4:35  Drone x2  
  66  4:37  Zergling x2  
  70  4:39  Zergling x4  
  70  4:44  Zergling x2  
  73  4:48  Overlord  
  73  4:51  Overlord  
  73  4:52  Extractor x2, Queen  
  72  4:55  Spore Crawler  
  72  4:56  Overlord  
  72  4:58  Zergling x2  
  72  4:59  Overlord  
  73  5:04  Zergling x2  
  73  5:05  Zergling x2  
  69  5:07  Lair  
  69  5:09  Zergling x2  
  69  5:10  Zergling x2  
  69  5:11  Zergling x2  
  66  5:17  Drone x5  
  66  5:18  Drone  
  66  5:19  Drone  
  72  5:21  Drone  
  72  5:25  Drone x2  
  72  5:26  Drone  
  76  5:29  Drone  
  77  5:37  Drone x2  
  77  5:39  Drone  
  78  5:45  Drone x2  
  78  5:46  Extractor  
  78  5:48  Extractor  
  78  5:50  Drone x3  
  78  5:51  Drone x3  
  78  5:56  Drone  
  85  5:58  Evolution Chamber  
  85  6:01  Drone  
  85  6:07  Zergling x8  
  89  6:11  Glial Reconstitution  
  89  6:15  Infestation Pit  
  89  6:17  Overlord, Drone  
  89  6:18  Hatchery  
  89  6:23  Zergling x2  
  89  6:24  Zergling x10  
  94  6:28  Zerg Missile Weapons Level 1  
  94  6:30  Overlord  
  94  6:32  Overlord  
  94  6:36  Overlord  
  94  6:37  Drone  
  94  6:39  Nydus Network  
  94  6:41  Overlord  
  94  6:46  Overlord  
  94  6:54  Swarm Host x6  
  112  7:04  Swarm Host x5  
  127  7:18  Roach  
  127  7:19  Nydus Canal, Roach x7  
  143  7:24  Overlord  
  143  7:26  Roach  
  143  7:28  Overlord x2  
  145  7:30  Roach  
  145  7:35  Overlord  
  144  7:37  Overlord  
  144  7:41  Queen  
  144  7:42  Burrow  
  146  7:47  Roach  
  146  7:50  Nydus Canal  
  147  7:52  Drone x7  
  147  7:55  Roach x3  
  147  7:58  Roach  
  162  8:00  Ravager  
  162  8:01  Ravager x5  
  162  8:03  Roach  
  162  8:05  Roach  
  172  8:06  Roach  
  172  8:11  Roach  
  176  8:20  Extractor  
  176  8:22  Overlord, Roach x4  
  176  8:24  Overlord  
  176  8:26  Overlord  
  182  8:31  Overlord  
  182  8:34  Overlord, Nydus Canal  
  182  8:36  Overlord  
  178  8:42  Overlord, Roach x7  
  178  8:44  Roach x2  
  178  8:48  Overlord, Nydus Canal  
  196  8:51  Roach x2  
  190  9:03  Roach  
  190  9:05  Tunneling Claws, Zerg Missile Weapons Level 2  
  190  9:07  Roach  
  190  9:08  Roach x3  
  198  9:10  Roach  
  198  9:11  Spore Crawler, Roach x5  
  195  9:17  Nydus Canal  
  195  9:18  Overlord x2  
  195  9:20  Roach  
  195  9:21  Roach  
  199  9:34  Nydus Canal  
  195  9:39  Roach  
  195  9:40  Roach  
  195  9:41  Roach x2  
  195  9:45  Roach x2  
  199  9:46  Hydralisk Den  
  199  9:49  Roach  
  199  9:51  Roach  
  196  9:55  Roach x11  
  196  9:56  Roach  
  196  9:57  Nydus Canal  
  196  9:59  Roach  
  193  10:02  Roach  
  193  10:05  Roach  
  193  10:06  Roach  
  190  10:11  Roach  
  190  10:12  Roach x4  
  190  10:13  Hatchery  
  194  10:16  Roach x4  
  194  10:20  Roach  
  200  10:23  Grooved Spines  
  200  10:24  Roach  
  200  10:26  Roach  
  200  10:27  Roach x5  
  198  10:28  Roach  
  198  10:31  Roach x8  
  198  10:33  Roach  
  198  10:34  Roach x3  
  191  10:38  Roach  
  188  10:44  Roach  
  188  10:45  Roach x8  
  192  10:51  Hatchery  
  192  10:52  Roach  
  192  10:53  Roach x2  
  193  10:57  Roach  
  193  11:01  Roach  
  193  11:02  Nydus Canal  
  187  11:05  Roach x2  
  187  11:09  Roach x4  
  199  11:16  Nydus Canal  
  199  11:27  Nydus Canal  
  199  11:30  Roach x4  
  197  11:34  Muscular Augments  
  197  11:42  Roach  
  197  11:44  Roach  
  197  11:45  Roach x7  
  197  11:46  Nydus Canal, Roach  
  195  11:47  Roach  
  195  11:49  Roach x4  
  195  11:51  Roach  
  183  11:56  Roach  
  183  11:57  Roach  
  183  11:58  Roach x15  
  187  12:02  Roach  
  187  12:03  Roach  
  181  12:08  Roach  
  181  12:14  Nydus Canal  
  175  12:17  Roach x8  
  193  12:22  Roach  
  193  12:23  Roach x3  
  193  12:28  Ravager  
  193  12:29  Nydus Canal, Ravager  
  199  12:30  Zerg Ground Armor Level 1  
  199  12:34  Overlord  
  199  12:36  Zergling x2  
  200  12:42  Overlord  
  200  12:43  Nydus Canal  
  199  12:49  Lurker Den  
  198  12:57  Nydus Canal  
  198  12:58  Zergling x2  
  198  13:05  Zergling x4  
  198  13:12  Nydus Canal  
  186  13:13  Roach  
  186  13:14  Roach x5  
  186  13:19  Roach  
  190  13:25  Roach  
  190  13:26  Roach x2  
  188  13:29  Ravager  
  188  13:30  Nydus Canal, Ravager x4  
  188  13:32  Roach x3  
  198  13:38  Ravager  
  199  13:46  Nydus Canal  
  195  13:50  Roach  
  190  13:55  Roach  
  190  13:56  Roach x6  
  190  14:00  Roach  
  183  14:03  Roach x9  
  183  14:06  Roach x3  
  183  14:09  Roach  
  185  14:10  Roach x7  
  199  14:27  Zergling x2  
  190  14:31  Zergling x8  
  190  14:32  Zergling x2  
  190  14:36  Roach x2  
  190  14:37  Roach x6  
  178  14:39  Roach  
  178  14:42  Roach x9  
  198  14:46  Nydus Canal  
  198  14:47  Roach  
  198  14:49  Roach x2  
Tags
 
Add a new tag
Caveats
  • Supply blocks, unpowered buildings, or Contaminate may cause inaccurate times.
  • Supply counts are checked every 10 seconds.